 Dungeon Crawl Stone Soup version 0.13-a0-2382-gbc6a47d (webtiles) character file.

138 Juliette the Chiller (level 4, -9/30 HPs)
             Began as a Merfolk Ice Elementalist on July 14, 2013.
             Mangled by an ogre
             ... wielding a +0,+0 giant club
              (18 damage)
             ... on Level 3 of the Dungeon.
             The game lasted 00:13:53 (2900 turns).

Juliette the Chiller (Merfolk Ice Elementalist)     Turns: 2900, Time: 00:13:53

HP  -9/30        AC  8     Str  9      XL: 4   Next: 12%
MP   1/7         EV  9     Int 14      God:
Gold 74          SH  0     Dex 14      Spells:  1 memorised,  4 levels left

Res.Fire  : . . .   See Invis. : .   d - +0 short sword
Res.Cold  : . . .   Warding    : .   q - +1 ring mail
Life Prot.: . . .   Conserve   : .   (no shield)
Res.Poison: .       Res.Corr.  : .   (no helmet)
Res.Elec. : .       Clarity    : .   (no cloak)
Sust.Abil.: . .     Spirit.Shd : .   a - +0 pair of gloves
Res.Mut.  : .       Stasis     : .   t - +0 pair of orc boots
Res.Rott. : .       Flight     : .   (no amulet)
Saprovore : . . .                    (no ring)
                                     (no ring)

@: slightly resistant to hostile enchantments, unstealthy
A: change form in water, swift swim
a: no special abilities


You were on level 3 of the Dungeon.
You were hungry.

You visited 1 branch of the dungeon, and saw 3 of its levels.

You collected 54 gold pieces.

Inventory:

Hand weapons
 d - a +0,+0 short sword (weapon)
Armour
 a - a +0 pair of gloves (worn)
 q - a +1 ring mail (worn)
 t - a +0 pair of orcish boots (worn)
Comestibles
 c - 2 bread rations
 o - an apple
 u - a chunk of bat flesh
 v - a meat ration
Scrolls
 e - 3 scrolls of blinking {unknown}
 f - 2 scrolls of noise {unknown}
 g - 2 scrolls of identify {unknown}
 h - a scroll of fog {unknown}
 i - 2 scrolls of teleportation {unknown}
 m - a scroll of magic mapping {unknown}
 s - a scroll of curse armour {unknown}
Potions
 j - a potion of magic {unknown}
 k - 2 potions of restore abilities {unknown}
 l - a potion of brilliance {unknown}
 n - a potion of cure mutation {unknown}
 p - 2 potions of paralysis {unknown}
 r - a potion of curing {unknown}
Books
 b - a book of Frost

   Spells                             Type                      Level
   *Freeze                            Ice                          1
   Throw Frost                        Conjuration/Ice              2
   Ozocubu's Armour                   Charms/Ice                   3
   Throw Icicle                       Conjuration/Ice              4
   Summon Ice Beast                   Ice/Summoning                4
   Condensation Shield                Ice                          4


   Skills:
 - Level 3.1 Dodging
 - Level 2.1 Stealth
 * Level 1.1 Spellcasting
   Level 0.7 Conjurations
 - Level 5.1 Ice Magic


You had 4 spell levels left.
You knew the following spells:

 Your Spells              Type           Power        Failure   Level  Hunger
a - Freeze                Ice            ###.         10%         1    ##.....


Dungeon Overview and Level Annotations

Branches:
Dungeon (3/27)

Altars:


Message History

* * * LOW HITPOINT WARNING * * *
Casting: Freeze
Confirm with . or Enter, or press ? or * to list all spells.
Aiming: Freeze
Press: ? - help, Shift-Dir - straight line, f/p - ogre
Aim: an ogre, wielding a giant club (heavily wounded)
You freeze the ogre.
The ogre is severely wounded.
Your magical contamination has completely faded away.
Casting: Freeze
Confirm with . or Enter, or press ? or * to list all spells.
Aiming: Freeze
Press: ? - help, Shift-Dir - straight line, f/p - ogre
Aim: an ogre, wielding a giant club (severely wounded)
You freeze the ogre.
The ogre is almost dead.
You are feeling hungry.
The ogre hits you with a giant club!
Ouch! That really hurt!
You die...

############### #############
##.............# #...........#
#..........)...# #...........#
?..............# #...........#
.........#.....####...........#
.......##........##...........#
......#.#......#O##...........#
....##.#.......#@.'...........#
O.. ##........####...........#
.. #.....>.)# #######'##### .
#.....##### #..# #......#
###.## ........# #...# #####
........... ######'######...#
.##......#. #................
.#.....#.# #.##.##...####+##


You could see an ogre.

Vanquished Creatures
  A giant mite (D:1)
  2 worms
  2 ball pythons
  8 goblins
  5 hobgoblins (D:1)
  3 oozes
  3 bats
  A giant cockroach (D:1)
  A giant gecko (D:2)
  3 giant newts
  7 kobolds
  7 rats
43 creatures vanquished.

Notes
Turn   | Place    | Note
--------------------------------------------------------------
     0 | D:1      | Juliette, the Merfolk Ice Elementalist, began the quest for the Orb.
     0 | D:1      | Reached XP level 1. HP: 13/13 MP: 3/3
   559 | D:1      | Reached XP level 2. HP: 14/19 MP: 4/4
  1103 | D:1      | Reached skill level 4 in Ice Magic
  1357 | D:1      | Reached XP level 3. HP: 13/24 MP: 0/5
  2737 | D:3      | Reached skill level 5 in Ice Magic
  2737 | D:3      | Reached XP level 4. HP: 25/30 MP: 0/7
  2878 | D:3      | Noticed an ogre
  2900 | D:3      | Mangled by an ogre

Action                   |  1- 3 |  4- 6 || total
-------------------------+-------+-------++-------
Melee: Short sword       |    57 |     7 ||    64
 Cast: Freeze            |    53 |     8 ||    61
